cohdb
Replays
Latest Replays
All Replays
Popular Replays
Top Player Replays
Match Explorer
How It Works
Community
CoH3 Stats
Reddit
Sign in to upload your games and track your stats! →
Sign in with Steam
1v1 Panzerstorm vs Rangers
Match 37108013
Overview
Messages
Build Orders
End
Kradschützen Motorcycle Team
250 Light Carrier
Panzergrenadier Squad
Construct Light Support Kompanie
Selects Armored Support Battlegroup
Selects Salvage Kits
Assault Grenadier Squad
MG34 Team
Selects Superior Fire Drills
Panzerjäger Mechanized Group
Construct Mechanized Kompanie
Support Armor Elements
Panzerpioneer Squad
StuG III D Assault Gun
Vehicle Survival Package
Emergency Repair Kits
Selects Flammpanzer III Medium Tank
Flammpanzer III Medium Tank
Rapid Advance
Construct Panzerarmee Kommand
Selects Command Panzer IV F Medium Tank
Command Panzer IV F Medium Tank
Panzergrenadier Squad
Panzer III L Medium Tank
Panzer III L Medium Tank
Panzer III L Medium Tank
Panzer III L Medium Tank
Veteran Squad Leaders
Selects Panzer Storm
Selects Stuka Anti-tank Loiter
2.5-tonne Medical Truck
Armored Reserves
Stuka Anti-tank Loiter
Panzer IV Assault Group
Panzer Storm
Advanced Optics
Stuka Anti-tank Loiter
18-tonne Recovery Half-track
Shrewkowski
broodwarjc
0
0
Comments
sign in to comment!
No comments posted yet!